 Dungeon Crawl Stone Soup version 0.28.0-43-g3370ac3207 (webtiles) character file.

Game seed: 11142404926734222159

4586 pkoi the Destroyer (level 10, -1/54 HPs)
             Began as a Deep Elf Conjurer on Mar 21, 2022.
             Was a Follower of Sif Muna.
             Killed from afar by an electric eel (14 damage)
             ... with a bolt of electricity
             ... in a bailey.
             The game lasted 00:18:05 (11425 turns).

pkoi the Destroyer (Deep Elf Conjurer)             Turns: 11425, Time: 00:18:05

Health: -1/54      AC:  6    Str:  4    XL:     10   Next: 18%
Magic:  27/32      EV: 13    Int: 34    God:    Sif Muna [*.....]
Gold:   315        SH:  0    Dex: 13    Spells: 12/24 levels left

rFire   + . .      SeeInvis .   g - +5 dagger of Distant Worlds {vorpal, Contam rF+ rCorr Stlth+}
rCold   . . .      Faith    .   (no shield)
rNeg    . . .      Spirit   .   v - +2 leather armour {rPois}
rPois   +          Reflect  .   (no helmet)
rElec   .          Harm     .   (no cloak)
rCorr   +          Rampage  .   r - +0 pair of gloves
Will    +....                   (no boots)
Stlth   +++.......              (no amulet)
HPRegen 0.18/turn               c - +6 ring of intelligence
MPRegen 0.23/turn               a - ring of magical power

@: no status effects
A: no striking features
a: Renounce Religion, Channel Magic


You were in a bailey.
You worshipped Sif Muna.
Sif Muna was aware of your devotion.
You visited 2 branches of the dungeon, and saw 9 of its levels.
You also visited: Bailey.

You collected 315 gold pieces.

Inventory:

Hand Weapons
 f - a +1 short sword
 g - the +5 dagger of Distant Worlds (weapon) {vorpal, Contam rF+ rCorr Stlth+}
   (You found it on level 2 of the Dungeon)

   It inflicts extra damage upon your enemies.
   rF:        It protects you from fire.
   Contam:    It causes magical contamination when unequipped.
   rCorr:     It protects you from acid and corrosion.
   Stlth:     It makes you more stealthy.
Missiles
 b - 11 poisoned darts
 w - a throwing net
Armour
 r - a +0 pair of gloves (worn)
 v - a +2 leather armour of poison resistance (worn)
 D - the +2 ratskin cloak {*Rats rPois rN+ Str-1 Int-1 Dex+1}
   (You found it on level 7 of the Dungeon)

   When the wearer is hurt, rats may emerge from it to assist them.
   Str:       It affects your strength (-1).
   Int:       It affects your intelligence (-1).
   Dex:       It affects your dexterity (+1).
   rPois:     It protects you from poison.
   rN:        It protects you from negative energy.
Jewellery
 a - a ring of magical power (right hand)
 c - a +6 ring of intelligence (left hand)
 x - a ring of ice
Wands
 s - a wand of flame (42)
 u - a wand of charming (2)
 B - a wand of polymorph (11)
Scrolls
 d - a scroll of acquirement
 e - 4 scrolls of identify
 i - a scroll of enchant weapon
 k - 2 scrolls of summoning {unknown}
 m - 2 scrolls of enchant armour {unknown}
 n - 4 scrolls of amnesia {unknown}
 t - a scroll of magic mapping {unknown}
 y - a scroll of vulnerability {unknown}
 F - a scroll of blinking
Potions
 l - a potion of degeneration {unknown}
 o - a potion of berserk rage {unknown}
 p - a potion of curing
 q - a potion of heal wounds {unknown}
 z - a potion of brilliance {unknown}
 A - 2 potions of mutation {unknown}
 C - 2 potions of attraction {unknown}
 E - a potion of flight {unknown}


   Skills:
 + Level 2.4 Fighting
 + Level 3.2 Armour
 + Level 5.8 Dodging
 - Level 2.4 Stealth
 + Level 7.9 Spellcasting
 * Level 9.9 Conjurations
 * Level 8.0 Hexes
 * Level 6.7 Translocations


You had 12 spell levels left.
You knew the following spells:

 Your Spells              Type           Power      Damage    Failure   Level
a - Magic Dart            Conj           100%       1d8       1%          1
b - Searing Ray           Conj           100%       2d8       1%          2
c - Iskenderun's Mystic   Conj/Tloc      63%        2d13      1%          4
d - Fulminant Prism       Conj/Hex       32%        3d16      1%          4
e - Apportation           Tloc           100%       N/A       1%          1

Your spell library contained the following spells:

 Spells                   Type           Power      Damage    Failure   Level
 Dazzling Flash           Conj/Hex       100%       N/A       1%          3
 Gell's Gravitas          Tloc           56%        N/A       1%          3
 Lesser Beckoning         Tloc           56%        N/A       1%          3
 Teleport Other           Tloc           56%        N/A       1%          3
 Dispersal                Tloc           28%        N/A       45%         6
 Alistair's Intoxication  Tmut/Pois      8%         N/A       83%         5


Dungeon Overview and Level Annotations

Branches:
Dungeon (8/15)             Temple (1/1) D:5          Bailey (1/1)
   Lair: D:8-11

Altars:
Cheibriados
Dithmenos
Elyvilon
Fedhas
Gozag
Kikubaaqudgha
Nemelex Xobeh
Okawaru
Qazlal
Ru
Sif Muna
Trog
Uskayaw
Vehumet
Wu Jian
Zin
The Shining One

Shops:
D:1 [***   D:5 ([=([   D:7 :

Portals:
Abyss: D:6

Annotations:
D:3 3 runed translucent doors, issech's ghost, weakling TrMo
D:5 Duvessa
D:6 2 transporters, issech's ghost, novice TrMo
D:8 Pikel


Message History

Sif Muna accepts your kill.
You feel a bit more experienced.
You hear a shout!
You start resting.
Magic restored.
You start resting.
An electric eel is nearby!
The electric eel shoots out a bolt of lightning at you!
The bolt of electricity hits you!
* * * LOW HITPOINT WARNING * * *
There is an open door here.
You enter the shallow water.
Moving in this stuff is going to be slow.
An electric eel comes into view.
The electric eel shoots out a bolt of lightning at you!
The bolt of electricity hits you!
* * * LOW HITPOINT WARNING * * *
Casting: Fulminant Prism (dangerous; 1% risk of failure)
Confirm with . or Enter, or press ? or * to list all spells.
Aiming: Fulminant Prism (dangerous; 1% risk of failure)
Press: ? - help, Dir - move target You conjure a prism of explosive energy!
A fulminant prism comes into view.
The electric eel shoots out a bolt of lightning at you!
The bolt of electricity hits you.
* * * LOW HITPOINT WARNING * * *
You hear a shout!
Your fulminant prism crackles loudly.
You are too injured to fight recklessly!
You are too injured to fight recklessly!
Aiming: Magic Dart (safe; 1% risk of failure)
Press: ? - help, Q - select action, (/) - cycle Shift-Dir - straight line, f - electric eel
Aim: an electric eel (water, ally target, 100% to hit)
The magic dart hits the electric eel.
The electric eel is lightly wounded.
The electric eel shoots out a bolt of lightning at you!
The bolt of electricity hits you!
* * * LOW HITPOINT WARNING * * *
The bolt of electricity hits you!
You die...

≈≈≈≈≈≈≈≈≈≈≈≈≈≈≈≈
≈≈≈≈≈≈≈≈≈≈≈≈≈≈≈≈≈
≈≈≈≈≈≈≈≈≈≈≈≈≈≈≈≈≈
≈≈≈≈≈≈≈≈≈≈≈≈≈≈≈≈≈
≈≈≈≈≈≈≈*≈S≈≈≈≈≈≈≈
≈≈≈≈≈≈≈≈≈≈≈≈≈≈≈≈≈
≈≈≈≈≈≈≈≈≈≈≈≈≈≈≈≈≈
####≈≈≈≈≈≈≈≈≈≈
#..'..@.......
#+#..###############
#....'.....#.......# #
#....#...).'.8.8.8.# #
#.##############...######
≈S. #......#.≈ ≈≈≈≈
#......#.≈ ≈≈≈≈
#####''#.≈ ≈≈≈ #.....#.≈


You could see an electric eel (ally target) and a friendly fulminant prism.

Vanquished Creatures
  An orc knight (Bailey)
  Grinder (D:4)
  Prince Ribbit (D:6)
  Sigmund (D:2)
  Edmund (D:5)
  2 water moccasins
  3 black bears
  9 orc warriors
  A sky beast (D:7)
  2 ogres
  A centaur (D:8)
  3 phantoms
  A kobold brigand (D:7)
  Blork the orc (D:5)
  2 bullfrogs
  A scorpion (D:6)
  A water moccasin skeleton (D:4)
  A jelly (D:4)
  5 wights (D:6)
  3 electric eels (Bailey)
  2 bullfrog zombies
  A bullfrog skeleton (D:6)
  A gnoll shaman (D:5)
  9 orc priests
  2 hounds (D:5)
  2 centaur skeletons (D:7)
  2 iguanas (D:6)
  Ijyb (D:4)
  A hound skeleton (D:4)
  10 gnolls
  8 adders
  A shadow imp (D:7)
  A white imp (D:6)
  An ufetubus (D:7)
  A worm (D:3)
  2 dart slugs (D:1)
  19 orcs
  2 ball pythons (D:4)
  4 endoplasms
  4 giant cockroaches
  13 goblins
  9 hobgoblins
  6 jackals (D:2)
  3 bats
  A frilled lizard (D:3)
  7 kobolds
  3 rats
157 creatures vanquished.

Vanquished Creatures (others)
  29 fulminant prisms
  3 fungi (D:3)
  4 plants (D:3)
36 creatures vanquished.

Grand Total: 193 creatures vanquished

Notes
Turn   | Place    | Note
-------+----------+-------------------------------------------
     0 | D:1      | pkoi the Deep Elf Conjurer began the quest for the Orb.
     0 | D:1      | Reached XP level 1. HP: 10/10 MP: 6/6
   136 | D:1      | Found Itotzose's Assorted Antiques.
   213 | D:1      | Found Kumass's Assorted Antiques.
   384 | D:1      | Found Nenilass's Assorted Antiques.
   432 | D:1      | Reached XP level 2. HP: 15/15 MP: 5/8
   462 | D:1      | Learned a level 2 spell: Searing Ray
   535 | D:1      | Found Soagy's Antique Armour Shoppe.
   788 | D:1      | Reached skill level 5 in Conjurations
  1113 | D:2      | Identified the +5 dagger of Distant Worlds {vorpal, Contam
                  | rF+ rCorr Stlth+}
  1119 | D:2      | Reached XP level 3. HP: 19/19 MP: 6/10
  1304 | D:2      | Noticed Sigmund
  1822 | D:2      | Reached XP level 4. HP: 24/24 MP: 6/12
  2042 | D:2      | Killed Sigmund
  2043 | D:2      | Reached skill level 5 in Spellcasting
  2043 | D:2      | Reached skill level 6 in Conjurations
  2043 | D:2      | Reached XP level 5. HP: 6/28 MP: 5/14
  2534 | D:3      | Reached XP level 6. HP: 32/32 MP: 9/15
  2542 | D:3      | Reached skill level 7 in Conjurations
  2691 | D:3      | Learned a level 4 spell: Iskenderun's Mystic Blast
  2696 | D:3      | Learned a level 4 spell: Fulminant Prism
  3011 | D:3      | Found a sparkling altar of Nemelex Xobeh.
  3114 | D:3      | Found a runed translucent gate.
  3114 | D:3      | Found a runed translucent gate.
  3114 | D:3      | Found a runed translucent gate.
  3116 | D:3      | Found an opulent altar of Gozag.
  3117 | D:3      | Noticed a water moccasin
  3118 | D:3      | Noticed issech's ghost (weakling TrMo)
  3168 | D:3      | Found a faded altar of an unknown god.
  3404 | D:3      | Found a snail-covered altar of Cheibriados.
  3572 | D:4      | Noticed Grinder
  3957 | D:4      | Reached skill level 1 in Hexes
  3957 | D:4      | Reached skill level 1 in Translocations
  4020 | D:4      | Reached skill level 1 in Fighting
  4117 | D:4      | Noticed Ijyb
  4138 | D:4      | Killed Ijyb
  4139 | D:4      | Reached XP level 7. HP: 35/38 MP: 9/17
  4527 | D:4      | Found a sacrificial altar of Ru.
  4676 | D:5      | Entered Level 5 of the Dungeon
  5095 | D:5      | Noticed Blork the orc
  5100 | D:5      | Killed Blork the orc
  5151 | D:5      | Found a shimmering blue altar of Sif Muna.
  5159 | D:5      | Became a worshipper of Sif Muna the Loreminder
  5201 | D:5      | Found Nungit's Jewellery Shoppe.
  5219 | D:5      | Found Feis's Armour Shoppe.
  5473 | D:5      | Reached skill level 1 in Armour
  5475 | D:5      | Reached XP level 8. HP: 13/43 MP: 12/19
  5480 | D:5      | Noticed Duvessa
  5935 | D:5      | Found Haxzasuh's Weapon Shoppe.
  6025 | D:5      | Noticed Edmund
  6038 | D:5      | Killed Edmund
  6039 | D:5      | Reached skill level 8 in Conjurations
  6267 | D:5      | Found a staircase to the Ecumenical Temple.
  6282 | Temple   | Entered the Ecumenical Temple
  6569 | D:5      | Found Mycromus's Armour Emporium.
  6572 | D:5      | You fall into a shaft and drop 2 floors!
  6747 | D:7      | Found Cisatin's Book Shoppe.
  6760 | D:7      | Learned a level 1 spell: Apportation
  6795 | D:7      | Reached skill level 5 in Hexes
  7170 | D:7      | Found the +2 ratskin cloak {*Rats rPois rN+ Str-1 Int-1
                  | Dex+1}
  7808 | D:6      | Found a transporter.
  7859 | D:6      | Noticed a purple ugly thing
  7871 | D:6      | Reached skill level 5 in Translocations
  7871 | D:6      | Reached XP level 9. HP: 47/47 MP: 18/21
  7903 | D:6      | Noticed issech's ghost (novice TrMo)
  7945 | D:6      | Found a one-way gate to the infinite horrors of the Abyss.
  7965 | D:6      | Found a transporter.
  8054 | D:6      | Found a hide-covered altar of Uskayaw.
  8054 | D:6      | Noticed Prince Ribbit
  8061 | D:6      | HP: 2/47 [Prince Ribbit (16)]
  8079 | D:6      | Killed Prince Ribbit
  8080 | D:6      | Reached skill level 9 in Conjurations
  8502 | D:5      | Found Zuipsowe's Antique Weapon Boutique.
  8748 | D:4      | Paralysed by Grinder for 4 turns
  8749 | D:4      | Killed Grinder
  8750 | D:4      | Reached skill level 5 in Dodging
 10230 | D:8      | Found a flagged portal.
 10237 | D:8      | Noticed a troll
 10247 | D:8      | Reached * piety under Sif Muna
 10254 | D:8      | Noticed Pikel
 10282 | Bailey   | Entered a bailey
 10840 | Bailey   | Reached XP level 10. HP: 53/53 MP: 1/23
 11260 | Bailey   | Noticed an orc knight
 11276 | Bailey   | Killed an orc knight
 11425 | Bailey   | Killed from afar by an electric eel

Illustrated notes

Levels and vault maps discovered:
D:1:      wander_arrival_estate, layout_basic, serial_shops, nicolae_shop_trees,
          nicolae_diamond_shop, nicolae_shop_hallway_plus, shop
D:2:      layout_loops_ring, minivault_26, uniq_sigmund
D:3:      layout_basic, nemelex_dance_club_becter,
          nicolae_overflow_crystal_walls, ebering_ghost_gozag,
          shapermc_ecumenical_altar_mp_urbaneastern
D:4:      layout_loops_ring, lemuel_doored_altar, corexii_checkpoint_b,
          uniq_ijyb, uniq_grinder
D:5:      layout_layer_cave, tgw_sif, minmay_temple_entry_stoned_glass,
          serial_shops, nicolae_lakefront_shop, nicolae_shop_behind_doors,
          kennysheep_mini_moat, nicolae_stop_n_shop_1, nicolae_square_shop,
          uniq_edmund, uniq_duvessa
D:6:      layout_loops_cross, nicolae_uskayaw_murder_on_the_dancefloor,
          gammafunk_ghost_abyssal_escape, hangedman_abyss_or_decor_stabs,
          moated_statue, uniq_prince_ribbit1
D:7:      layout_rooms, serial_shops, shop, minmay_curled_crystal
D:8:      wad_crossroads, layout_rooms, bloody_makhleb, enter_bailey_2,
          serial_bayou_pond_c, uniq_pikel, uniq_maggie
Temple:   nicolae_temple_hex_pool
Bailey:   bailey_axe_of_yendor_kennysheep, bailey

Skill      XL: |  1  2  3  4  5  6  7  8  9 10 |
---------------+-------------------------------+-----
Conjurations   | 5 6 7 8 9 |  9.9
Spellcasting   | 4 5 6 7 |  7.9
Hexes          | 2 3 6 7 8 |  8.0
Translocations | 1 3 5 6 |  6.7
Fighting       | 1 2 |  2.4
Dodging        | 3 4 5 |  5.8
Armour         | 1 2 3 |  3.2
Stealth        | |  2.4

Action                   |  1- 3 |  4- 6 |  7- 9 | 10-12 || total
-------------------------+-------+-------+-------+-------++-------
Melee: Dagger            |       |       |     4 |    10 ||    14
       Punch             |       |       |     1 |       ||     1
 Cast: Magic Dart        |    75 |    63 |   196 |    11 ||   345
       Searing Ray       |       |     7 |    18 |       ||    25
       Iskenderun's Myst |       |       |    18 |     6 ||    24
       Fulminant Prism   |       |       |    21 |     9 ||    30
  Use: Scroll            |     2 |       |     4 |       ||     6
       Potion            |       |       |     1 |       ||     1
Armor: Robe              |       |     2 |       |       ||     2
       Leather armour    |       |       |    47 |     2 ||    49
Dodge: Dodged            |       |    14 |    56 |     5 ||    75
